 Dungeon Crawl Stone Soup version 0.21-a0-442-g848f44b3bc (webtiles) character file.

64 GordonOverkill the Digger (level 4, -6/30 HPs)
             Began as a Human Wanderer on Nov 16, 2017.
             Mangled by a gnoll sergeant
             ... wielding a +2 spear of venom
              (10 damage)
             ... on level 2 of the Dungeon.
             The game lasted 00:07:07 (3104 turns).

GordonOverkill the Digger (Human Wanderer)          Turns: 3104, Time: 00:07:08

Health: -6/30      AC:  2    Str: 11    XL:     4   Next: 32%
Magic:  0/5        EV: 12    Int: 15    God:
Gold:   121        SH:  0    Dex: 12    Spells: 4/5 levels left

rFire    . . .     SeeInvis .   s - +1 dagger (freeze)
rCold    . . .     Gourm    .   (no shield)
rNeg     . . .     Faith    .   d - +0 robe
rPois    .         Spirit   .   (no helmet)
rElec    .         Reflect  .   (no cloak)
rCorr    .         Harm     .   (no gloves)
MR       .....                  (no boots)
Stlth    ++........             (no amulet)
HPRegen  0.10/turn              (no ring)
MPRegen  0.09/turn              (no ring)

@: lethally poisoned (-6 -> -15), flying, drained
A: no striking features
a: no special abilities


You were on level 2 of the Dungeon.
You were not hungry.

You visited 1 branch of the dungeon, and saw 2 of its levels.

You collected 121 gold pieces.

Inventory:

Hand Weapons
 s - a +1 dagger of freezing (weapon)
Armour
 d - a +0 robe (worn)
Jewellery
 j - a cursed ring of loudness {unknown}
 n - an uncursed ring of fire {unknown}
Scrolls
 g - 3 scrolls of identify {unknown}
 h - a scroll of teleportation
 i - a scroll of magic mapping {unknown}
Potions
 l - a potion of flight
 m - a potion of brilliance {unknown}
 o - a potion of heal wounds {unknown}
 p - 2 potions of haste {unknown}
Books
 b - the Guide on the Birds

   Spells                             Type                      Level
   a - Shock                          Conjuration/Air              1
   b - Mephitic Cloud                 Conjuration/Poison/Air       3
Miscellaneous
 a - a fan of gales (inert)
Comestibles
 f - 2 bread rations
 k - 5 fruits
 q - a meat ration


   Skills:
   Level 1.0(0.7) Staves
 + Level 2.7(2.4) Dodging
 - Level 2.0(1.8) Stealth
 + Level 1.2(1.0) Spellcasting
 + Level 1.1(0.9) Conjurations
   Level 1.0(0.7) Fire Magic
 + Level 1.2(0.9) Air Magic
   Level 4.0(3.7) Earth Magic
 - Level 1.0(0.7) Evocations


You had 4 spell levels left.
You knew the following spells:

 Your Spells              Type           Power        Failure   Level  Hunger
a - Shock                 Conj/Air       #...         17%         1    ##.....


Dungeon Overview and Level Annotations

Branches:
Dungeon (2/15)

Altars:


Message History

As you read the scroll labeled OJYJEE KUHO, it crumbles to dust.
You feel strangely unstable.
It was a scroll of teleportation.
You feel sick. The gnoll hits you with a club.
The gnoll sergeant barely misses you. The gnoll closely misses you.
It was a potion of cancellation.
You feel strangely stable.
You feel magically purged.
Your magical contamination has completely faded away.
* * * LOW HITPOINT WARNING * * *
You feel sick. The gnoll hits you with a club.
* * * LOW HITPOINT WARNING * * *
The gnoll sergeant misses you. The gnoll barely misses you.
It was a potion of flight.
You feel very buoyant.
You fly up into the air.
* * * LOW HITPOINT WARNING * * *
You feel sick. The gnoll hits you with a club.
* * * LOW HITPOINT WARNING * * *
The gnoll sergeant hits you from afar with a spear of venom!
You die...

#.####.# #......
#.# #.#####.#####
#.# #.#.....##...
#.####.#.#####.>#.
#.#.............#.
#.#.#........#....
#g#)#........#..##
#gg<#..#........##
#@#.#....##.##.##.
###.#.##.##.##.#..
#.#'##.##.##.#..
###....#....##.#..
#..g...#######.##.
#......# #.###
#.g.g..# #...#
#......# #.#..
###....# #.#..


You could see a gnoll sergeant and 2 gnolls.

Vanquished Creatures
  A gnoll (D:2)
  2 adders (D:2)
  2 leopard geckos
  6 giant cockroaches (D:1)
  3 goblins
  6 hobgoblins
  2 jackals (D:2)
  A kobold (D:1)
  4 bats (D:1)
  A frilled lizard (D:1)
  5 rats
33 creatures vanquished.

Notes
Turn   | Place    | Note
-------+----------+-------------------------------------------
     0 | D:1      | GordonOverkill the Human Wanderer began the quest for the Orb.
     0 | D:1      | GordonOverkill set off with: a fan of gales, the Guide on the Birds, a potion of curing, a +0 robe, a +0 dagger, a bread ration
     0 | D:1      | Reached XP level 1. HP: 13/13 MP: 1/1
     0 | D:1      | Identified the Guide on the Birds
   269 | D:1      | Reached XP level 2. HP: 15/19 MP: 2/2
   326 | D:1      | Learned a level 1 spell: Shock
  1395 | D:1      | Reached XP level 3. HP: 1/24 MP: 0/4
  2111 | D:2      | Reached skill level 1 in Spellcasting
  2639 | D:2      | Reached skill level 1 in Air Magic
  2646 | D:2      | Reached skill level 1 in Conjurations
  2646 | D:2      | Reached XP level 4. HP: 9/30 MP: 0/5
  3073 | D:2      | Noticed a gnoll sergeant
  3104 | D:2      | Mangled by a gnoll sergeant

Vault maps used:
D:1:      dpeg_arrival_arbitrary_b, minmay_pentomino_x2
D:2:      kennysheep_six_static_rooms, minmay_misc_feat_ornament,
          uniq_crazy_yiuf_cottage

Skill      XL: |  1  2  3 |
---------------+----------+-----
Stealth        | 2 |  2.0
Spellcasting   | 1 |  1.2
Air Magic      | 1 |  1.2
Conjurations   | 1 |  1.1
Staves         | |  1.0
Dodging        | |  2.7
Fire Magic     | |  1.0
Earth Magic    | |  4.0
Evocations     | |  1.0

Action                   |  1- 3 |  4- 6 || total
-------------------------+-------+-------++-------
Melee: Dagger            |   150 |       ||   150
 Cast: Shock             |    47 |    10 ||    57
Evoke: Fan of gales      |       |     1 ||     1
  Use: Potion            |     1 |     2 ||     3
       Scroll            |       |     1 ||     1
 Stab: Sleeping          |     1 |       ||     1
  Eat: Chunk             |     7 |     1 ||     8
       Royal jelly       |       |     1 ||     1
Armor: Robe              |    33 |     1 ||    34
Dodge: Dodged            |   142 |     9 ||   151

Table legend:
 A = Spawn XP
 B = Non-spawn XP
 C = Spawn XP percentage of total XP
 D = Spawn monster count
 E = Non-spawn monster count
 F = Spawn count percentage of total count
 G = Total turns spent on level
                    A         B        C        D         E        F      G
               +---------+---------+-------+---------+---------+-------+---------
         Total |       0 |      92 |   0.0 |       0 |      33 |   0.0 |  3104
               +---------+---------+-------+---------+---------+-------+---------
           D:1 |       0 |      33 |   0.0 |       0 |      20 |   0.0 |  2286
           D:2 |       0 |      59 |   0.0 |       0 |      13 |   0.0 |   818
               +---------+---------+-------+---------+---------+-------+---------
